Map: Odyssey LE

Players

rafapras - Winner!

  • Race: Protoss Protoss
  • League: Diamond
  • Spawn Location: 11:00

Pablo

  • Race: Zerg Zerg
  • League: Diamond
  • Spawn Location: 5:00

VOD

Have the link to the VOD?

Description

Time

  • Played on: Dec. 1, 2017, 9:03 p.m.
  • Length: 15:07
Show
View Real Time Build Order
Export as new Build Order

rafapras Protoss - Winner!

Build Orders: Nexus First, Oracle Opening 

Get SALT Encoding   

  12  0:01  Probe  
  13  0:13  Probe  
  14  0:24  Pylon  
  14  0:25  Probe  
  15  0:42  Probe  
  16  1:00  Nexus  
  16  1:12  Gateway  
  16  1:22  Probe  
  17  1:25  Assimilator  
  17  1:30  Assimilator  
  17  1:44  Gateway  
  17  1:46  Probe (Chrono Boost)  
  18  1:58  Probe (Chrono Boost)  
  19  2:02  Probe (Chrono Boost)  
  19  2:05  Cybernetics Core  
  20  2:10  Pylon  
  20  2:13  Probe  
  21  2:19  Probe  
  22  2:23  Zealot (Chrono Boost)  
  22  2:28  Probe (Chrono Boost)  
  27  2:40  Probe (Chrono Boost)  
  27  2:41  Probe (Chrono Boost)  
  27  2:42  Adept (Chrono Boost)  
  29  2:50  Warp Gate  
  29  2:51  Probe x2  
  31  3:00  Stargate  
  31  3:07  Probe x2  
  31  3:10  Stalker  
  35  3:19  Probe x2  
  37  3:26  Shield Battery  
  37  3:31  Probe x2  
  37  3:43  Probe (Chrono Boost)  
  42  3:48  Probe (Chrono Boost)  
  42  3:49  Pylon  
  42  3:50  Oracle (Chrono Boost)  
  42  3:55  Probe (Chrono Boost)  
  43  4:00  Probe x2 (Chrono Boost)  
  45  4:08  Probe  
  45  4:09  Probe, Assimilator  
  47  4:11  Assimilator  
  50  4:20  Probe  
  50  4:21  Probe  
  50  4:23  Oracle (Chrono Boost)  
  50  4:32  Probe  
  50  4:33  Probe  
  52  4:44  Probe  
  53  4:49  Probe  
  54  4:56  Gateway  
  54  4:58  Gateway  
  54  5:00  Gateway  
  54  5:03  Forge  
  54  5:06  Twilight Council  
  54  5:10  Pylon  
  54  5:12  Pylon  
  54  5:28  Pylon, Nexus, Void Ray  
  59  5:50  Probe x2  
  59  5:52  Stalker  
  59  5:53  Stalker  
  64  6:00  Charge  
  64  6:02  Protoss Ground Weapons Level 1  
  64  6:07  Templar Archives  
  64  6:09  Robotics Facility  
  64  6:10  Probe  
  64  6:11  Probe, Robotics Facility  
  66  6:18  Assimilator  
  66  6:20  Assimilator  
  66  6:23  Probe x2  
  66  6:24  Shield Battery  
  68  6:25  Shield Battery  
  68  6:27  Pylon  
  68  6:30  Zealot  
  68  6:31  Zealot x4  
  78  6:39  Probe x2, Forge  
  80  6:42  Gateway  
  80  6:46  Probe  
  81  6:47  Gateway  
  81  6:51  Probe  
  81  6:52  Probe  
  83  6:59  Probe  
  87  7:01  Oracle  
  87  7:05  Probe  
  88  7:13  Probe (Chrono Boost)  
  90  7:19  Probe (Chrono Boost)  
  92  7:25  Probe (Chrono Boost)  
  92  7:27  Probe (Chrono Boost)  
  92  7:29  Probe x3 (Chrono Boost)  
  95  7:37  Probe, Pylon  
  95  7:38  Pylon  
  95  7:40  Probe, Pylon, Protoss Shields Level 1  
  95  7:41  Probe, Observer  
  95  7:42  Observer, Pylon  
  95  7:43  Psionic Storm  
  100  7:49  Probe  
  101  7:55  Probe  
  102  8:03  Protoss Ground Weapons Level 2 (Chrono Boost)  
  102  8:11  Stalker  
  104  8:16  Immortal (Chrono Boost)  
  104  8:17  Immortal (Chrono Boost)  
  112  8:33  Stalker  
  114  8:37  Stalker  
  116  8:57  Zealot  
  116  8:58  Zealot x2  
  116  8:59  Zealot x3  
  116  9:00  Zealot  
  105  9:19  Zealot  
  105  9:20  Zealot x5  
  105  9:21  Zealot  
  110  9:28  Probe x2  
  110  9:29  Probe  
  106  9:33  Immortal (Chrono Boost)  
  106  9:34  Immortal (Chrono Boost)  
  114  9:40  Probe x2  
  116  9:48  Protoss Shields Level 2 (Chrono Boost)  
  116  9:52  Zealot x3  
  122  9:53  High Templar x2  
  122  9:54  High Templar x2  
  130  10:12  Nexus  
  130  10:13  Archon x2  
  130  10:16  Pylon  
  130  10:17  Pylon  
  130  10:19  High Templar, Pylon  
  130  10:21  Pylon  
  132  10:24  Assimilator  
  128  10:30  Assimilator  
  128  10:34  Immortal x2  
  136  10:36  Probe x2  
  138  10:43  High Templar  
  138  10:44  High Templar x3  
  138  10:45  Zealot  
  138  10:46  Zealot  
  150  10:52  Pylon  
  150  10:53  Pylon  
  150  10:57  Gateway  
  150  10:59  Gateway  
  150  11:02  Gateway  
  150  11:05  Shield Battery  
  150  11:06  Shield Battery  
  150  11:07  Archon x2  
  150  11:09  Photon Cannon  
  150  11:11  Photon Cannon, Protoss Ground Weapons Level 3 (Chrono Boost)  
  150  11:16  Void Ray  
  150  11:18  Protoss Air Weapons Level 1  
  154  11:29  Zealot x4  
  154  11:30  Zealot  
  138  11:49  Zealot x3  
  138  11:50  Zealot x4  
  149  12:02  Zealot  
  149  12:03  Zealot  
  149  12:15  Zealot x2  
  146  12:17  Zealot x2  
  148  12:22  Probe  
  148  12:28  Probe  
  149  12:32  High Templar  
  149  12:33  High Templar x2  
  149  12:34  Zealot x2  
  149  12:35  Zealot  
  161  12:37  Protoss Shields Level 3 (Chrono Boost)  
  161  12:39  Warp Prism (Chrono Boost)  
  161  12:40  Immortal (Chrono Boost)  
  167  12:44  Probe  
  167  12:45  Probe x3  
  171  12:57  Probe  
  162  13:05  Immortal  
  162  13:09  Immortal  
  152  13:43  Stalker x3  
  152  13:44  Zealot x3  
  152  13:45  Zealot x3  
  170  13:54  Archon  
  154  14:05  Zealot  
  154  14:06  Zealot x4  
  154  14:07  Zealot x3  
  154  14:08  Zealot  
  163  14:40  Stalker  
  163  14:41  Stalker x2  
  163  14:43  Zealot x4  
Show
View Real Time Build Order
Export as new Build Order

Pablo Zerg 

Build Orders: Hatch First 

Get SALT Encoding   

  12  0:01  Drone  
  13  0:15  Overlord  
  13  0:19  Drone  
  14  0:24  Drone, Extractor  
  15  0:33  Drone  
  16  0:37  Drone  
  17  0:54  Hatchery  
  17  0:57  Drone  
  17  0:59  Drone  
  18  1:09  Extractor  
  18  1:11  Drone  
  18  1:19  Spawning Pool  
  18  1:21  Drone  
  18  1:31  Drone  
  19  1:42  Overlord  
  19  1:58  Drone  
  20  2:06  Queen  
  20  2:07  Queen  
  24  2:08  Metabolic Boost  
  24  2:10  Zergling x4  
  26  2:17  Drone x2  
  28  2:24  Drone  
  28  2:28  Drone  
  30  2:49  Queen  
  30  2:51  Hatchery  
  31  2:54  Drone x2  
  31  2:58  Overlord  
  33  3:10  Drone x3  
  33  3:11  Overlord  
  36  3:16  Overlord  
  36  3:20  Drone  
  36  3:21  Drone  
  38  3:28  Queen  
  40  3:36  Spore Crawler  
  40  3:37  Spore Crawler  
  40  3:41  Drone x3  
  39  3:48  Pneumatized Carapace  
  41  4:01  Drone x4  
  41  4:02  Drone x3  
  48  4:03  Drone  
  48  4:25  Drone x2  
  50  4:34  Zergling x2  
  51  4:40  Evolution Chamber  
  51  4:41  Baneling Nest  
  49  4:53  Drone x5  
  49  4:54  Drone x2  
  49  4:55  Drone x3  
  49  4:57  Lair  
  59  5:05  Drone x2  
  59  5:06  Drone  
  62  5:17  Drone  
  62  5:18  Drone x3  
  62  5:20  Overlord x3  
  66  5:30  Hatchery  
  66  5:32  Extractor  
  66  5:33  Hatchery  
  66  5:34  Spore Crawler, Extractor  
  52  5:55  Zergling x12  
  52  5:56  Centrifical Hooks, Zergling x12  
  64  6:02  Zerg Missile Weapons Level 1  
  64  6:07  Roach Warren  
  64  6:09  Zergling x6  
  64  6:10  Zergling x6  
  69  6:22  Spore Crawler  
  69  6:23  Spore Crawler  
  67  6:31  Baneling  
  67  6:32  Baneling x13  
  67  6:35  Zergling x2  
  67  6:36  Zergling x12  
  74  6:44  Queen  
  76  6:47  Drone x2  
  76  6:48  Drone x5  
  76  6:53  Roach x3  
  89  6:55  Baneling x2  
  89  6:56  Baneling  
  89  6:59  Drone x2, Extractor  
  89  7:00  Drone  
  91  7:02  Drone  
  91  7:03  Drone  
  91  7:06  Drone  
  94  7:09  Overlord  
  94  7:10  Overlord  
  94  7:11  Overlord  
  94  7:16  Overseer  
  94  7:23  Overseer  
  94  7:37  Glial Reconstitution  
  94  7:40  Evolution Chamber, Roach  
  94  7:41  Roach x8  
  111  8:00  Overlord x4  
  111  8:01  Overlord x4  
  111  8:16  Hatchery  
  110  8:40  Hydralisk Den  
  105  8:49  Extractor  
  105  8:50  Drone x8, Extractor  
  105  8:51  Drone x3  
  114  8:59  Queen x4  
  115  9:07  Hatchery  
  115  9:09  Roach x2  
  107  9:10  Hatchery, Roach x2  
  102  9:19  Zerg Missile Weapons Level 2  
  102  9:20  Zerg Ground Armor Level 1  
  102  9:24  Muscular Augments  
  99  9:25  Drone  
  99  9:26  Drone  
  81  9:46  Roach  
  81  9:47  Roach x9  
  81  9:51  Overseer x3  
  101  10:12  Hydralisk x3  
  101  10:13  Hydralisk x5  
  117  10:30  Hydralisk  
  117  10:31  Hydralisk x4  
  125  10:52  Drone x8  
  125  10:53  Drone x7  
  140  10:59  Hatchery  
  139  11:13  Zergling x2  
  139  11:14  Zergling x18  
  139  11:15  Zergling x2, Spore Crawler  
  139  11:16  Spine Crawler, Extractor  
  139  11:17  Zergling x2, Extractor  
  119  11:43  Hydralisk  
  119  11:44  Hydralisk x11  
  119  11:45  Hydralisk  
  121  11:52  Hydralisk x3  
  126  12:13  Drone x4  
  126  12:14  Drone x2  
  132  12:16  Drone  
  132  12:17  Drone x14  
  141  12:26  Spire  
  141  12:29  Zerg Ground Armor Level 2, Infestation Pit  
  133  12:37  Tunneling Claws  
  133  12:38  Hydralisk Den  
  133  12:39  Burrow  
  133  12:42  Roach x3  
  140  12:51  Roach x4  
  140  12:52  Roach x2  
  152  12:58  Roach x2  
  152  12:59  Roach x3  
  152  13:07  Roach x5  
  135  13:14  Hydralisk x3, Extractor  
  135  13:15  Hydralisk  
  135  13:18  Hydralisk  
  135  13:19  Hydralisk  
  118  13:28  Roach x7  
  118  13:29  Roach  
  130  13:34  Hydralisk x2  
  130  13:35  Hydralisk  
  136  13:53  Hydralisk x2  
  136  13:54  Hydralisk x4  
  134  14:03  Hydralisk x3  
Tags
 
Add a new tag
Caveats
  • Supply blocks, unpowered buildings, or Contaminate may cause inaccurate times.
  • Supply counts are checked every 10 seconds.